 Seeded DCSS version 0.29.1-15-g9cfb28693d (webtiles) character file.

Game seed: 15822848163574757677 (custom seed)

13460 kingofthe the Thaumaturge (level 11, -5/54 HPs)
             Began as a Deep Elf Conjurer on Mar 10, 2023.
             Was a Priest of Sif Muna.
             Slain by a centaur warrior (12 damage)
             ... on level 11 of the Dungeon.
             The game lasted 00:51:20 (15425 turns).

kingofthe the Thaumaturge (Deep Elf Conjurer)      Turns: 15425, Time: 00:51:21

Health: -5/54      AC:  8    Str:  6    XL:     11   Next: 75%
Magic:  24/35      EV: 20    Int: 26    God:    Sif Muna [***...]
Gold:   247        SH:  0    Dex: 15    Spells: 0/29 levels left

rFire   + . .      SeeInvis .   a - staff of conjuration {!a}
rCold   . . .      Faith    .   (no shield)
rNeg    . . .      Spirit   .   F - +0 steam dragon scales
rPois   .          Reflect  .   x - +0 helmet
rElec   .          Harm     .   (no cloak)
rCorr   +          Rampage  .   h - +0 pair of gloves
Will    +....                   A - +0 pair of boots
Stlth   ++++......              (no amulet)
HPRegen 0.18/turn               S - ring of Propriety {rF+ rCorr EV+4 Str+2}
MPRegen 0.24/turn               M - ring of magical power

@: no status effects
A: no striking features
a: Renounce Religion, Channel Magic, Forget Spell


You were on level 11 of the Dungeon.
You worshipped Sif Muna.
Sif Muna was most pleased with you.
You visited 2 branches of the dungeon, and saw 12 of its levels.

You collected 786 gold pieces.
You spent 539 gold pieces at shops.


   Skills:
 * Level 8.8 Dodging
 + Level 7.2 Stealth
 + Level 1.6 Shields
 + Level 9.9 Spellcasting
 + Level 9.2 Conjurations
 - Level 9.2 Hexes
 - Level 3.0 Translocations
 - Level 5.1 Fire Magic
 * Level 3.3 Ice Magic
 * Level 5.2 Air Magic
 - Level 4.3 Poison Magic
 * Level 6.7 Invocations


You couldn't memorise any spells.
You knew the following spells:

 Your Spells              Type           Power      Damage    Failure   Level
a - Magic Dart            Conj           100%       1d8       1%          1
b - Sticky Flame          Conj/Fire      66%        2d8       2%          4
c - Foxfire               Conj/Fire      100%       2x1d9     1%          1
d - Fulminant Prism       Conj/Hex       37%        3d18      1%          4
e - Mephitic Cloud        Conj/Pois/Air  62%        N/A       1%          3
f - Flame Wave            Conj/Fire      66%        2d15      2%          4
h - Stone Arrow           Conj/Erth      100%       3d13      1%          3
z - Sublimation of Blood  Necr           12%        N/A       7%          2
B - Blink                 Tloc           56%        N/A       1%          2
F - Freezing Cloud        Conj/Ice/Air   30%        6-21      11%         5

Your spell library contained the following spells:

 Spells                   Type           Power      Damage    Failure   Level
 Searing Ray              Conj           100%       2d8       1%          2
 Static Discharge         Conj/Air       66%        3-12/arc  1%          2
 Conjure Flame            Conj/Fire      66%        6-21      1%          3
 Dazzling Flash           Conj/Hex       100%       N/A       1%          3
 Inner Flame              Hex/Fire       50%        N/A       1%          3
 Portal Projectile        Hex/Tloc       88%        N/A       1%          3
 Ignite Poison            Fire/Tmut/Pois 29%        N/A       3%          3
 Iskenderun's Mystic Bla  Conj/Tloc      61%        2d13      3%          4
 Call Imp                 Summ           12%        N/A       7%          2
 Wereblood                Tmut           12%        N/A       7%          2
 Leda's Liquefaction      Hex/Erth       18%        N/A       7%          4
 Call Canine Familiar     Summ           12%        N/A       14%         3
 Manifold Assault         Tloc           28%        N/A       36%         5
 Animate Armour           Summ/Erth      24%        N/A       43%         4
 Dispel Undead            Necr           12%        3d9       43%         4
 Storm Form               Tmut/Air       13%        N/A       100%        7
 Summon Hydra             Summ           6%         N/A       100%        7
 Lehudib's Crystal Spear  Conj/Erth      26%        10d7      100%        8

Inventory:

Hand Weapons
 D - a +3 spear of flaming
 W - a +4 whip of venom
Missiles
 m - 5 throwing nets {=f}
Armour
 h - a +0 pair of gloves (worn)
 i - the +1 ring mail "Vuekuas" {Will+ Str+3}
   (You found it on level 2 of the Dungeon)

   Str:       It affects your strength (+3).
   Will:      It increases your willpower.
 q - the +3 scale mail of the Viny Hot Ocelot {rElec rPois Stlth+}
   (You found it on level 3 of the Dungeon)

   rElec:     It insulates you from electricity.
   rPois:     It protects you from poison.
   Stlth:     It makes you more stealthy.
 u - +0 acid dragon scales
 x - a +0 helmet (worn)
 A - a +0 pair of boots (worn)
 B - the +2 buckler of the Wasteland {+Inv Dex+2 Stlth-}
   (You found it on level 4 of the Dungeon)

   Dex:       It affects your dexterity (+2).
   +Inv:      It lets you turn invisible.
   Stlth:     It makes you less stealthy.
 F - +0 steam dragon scales (worn)
 V - an orb of light
 X - a +1 robe of cold resistance
Magical Staves
 a - a staff of conjuration (weapon) {!a}
 b - a staff of fire {!a}
 c - a staff of cold {!a}
Jewellery
 C - a ring of ice
 E - a +4 ring of evasion
 M - a ring of magical power (right hand)
 R - an amulet of faith {!P}
 S - the ring of Propriety (left hand) {rF+ rCorr EV+4 Str+2}
   (You found it on level 10 of the Dungeon)

   [ring of evasion]

   EV:        It affects your evasion (+4).
   Str:       It affects your strength (+2).
   rF:        It protects you from fire.
   rCorr:     It protects you from acid and corrosion.
 Z - a ring of wizardry
Wands
 k - a wand of quicksilver (19)
 J - a wand of mindburst (14)
 Q - a wand of roots (10)
 U - a wand of paralysis (3)
Scrolls
 f - 3 scrolls of vulnerability
 g - 2 scrolls of brand weapon {unknown}
 j - 5 scrolls of teleportation {@r2}
 r - 2 scrolls of noise
 s - a scroll of amnesia
 w - 6 scrolls of identify {@r1}
 y - 3 scrolls of blinking
 G - a scroll of poison {unknown}
 K - 3 scrolls of enchant weapon {unknown}
 N - 2 scrolls of magic mapping
 O - a scroll of summoning {unknown}
 P - a scroll of butterflies {unknown}
Potions
 d - 6 potions of haste {@q3}
 e - a potion of experience {unknown}
 l - 2 potions of curing {@q1}
 n - 2 potions of mutation
 o - 3 potions of degeneration
 p - 2 potions of flight {unknown}
 t - 2 potions of ambrosia
 v - 2 potions of magic
 z - a potion of lignification {unknown}
 H - 2 potions of brilliance
 I - 2 potions of heal wounds {@q2}
 L - 2 potions of attraction {unknown}
 T - a potion of invisibility {unknown}

Dungeon Overview and Level Annotations

Branches:
Dungeon (11/15)            Temple (0/1) D:7            Lair (1/5) D:9
    Orc: D:9-12

Altars:
Dithmenos
Fedhas
Gozag
Hepliaklqana
Kikubaaqudgha
Nemelex Xobeh
Ru
Sif Muna
Trog
Uskayaw
Wu Jian
Yredelemnul
Zin
The Shining One

Shops:
D:5 (   D:6 :**

Annotations:
D:8 exclusion: downstairs
D:10 Nergalle

#............. #.............
.# ##............. .#
............... .#.....
............... .#.....
#...###'#####+# .#....#
'...#.........###.#....#
#...#...........#.#....#
#...#...........@c#....#
#...#...........#.#....#
#...#...........#.#....#
#...########...)#.#....####+###
#.... ######.###..○.......
#..... .. #.○#'###### # ..
#°.#oB. .. #°.#.°...
#..#.>.....


You could see a centaur warrior.


Message History

The centaur warrior is moderately wounded.
The centaur warrior closely misses you.
The centaur warrior completely misses you.
The centaur warrior hits you!
* * * LOW HITPOINT WARNING * * *
The centaur warrior barely misses you.
Casting: Stone Arrow (safe; 1% risk of failure)
Confirm with . or Enter, or press ? or * to list all spells.
Aiming: Stone Arrow (safe; 1% risk of failure)
Press: ? - help, Shift-Dir - straight line, f/p - centaur warrior
Aim: a centaur warrior (lightly wounded, 84% to hit)
You feel a surge of power!
The stone arrow hits the centaur warrior!!
The centaur warrior is severely wounded.
The centaur warrior hits you.
* * * LOW HITPOINT WARNING * * *
The centaur warrior kicks you but does no damage.
Casting: Stone Arrow (safe; 1% risk of failure)
Confirm with . or Enter, or press ? or * to list all spells.
Aiming: Stone Arrow (safe; 1% risk of failure)
Press: ? - help, Shift-Dir - straight line, f/p - centaur warrior
Aim: a centaur warrior (severely wounded, 84% to hit)
You feel a surge of power!
The stone arrow hits the centaur warrior!
The centaur warrior is almost dead.
The centaur warrior hits you.
* * * LOW HITPOINT WARNING * * *
The centaur warrior kicks you but does no damage.
The centaur warrior hits you!
You die...

Skill      XL: |  1  2  3  4  5  6  7  8  9 10 11 |
---------------+----------------------------------+-----
Dodging        | 3 5 7 8 |  8.8
Stealth        | 3 4 5 6 7 |  7.2
Spellcasting   | 4 5 6 7 8 9 |  9.9
Conjurations   | 5 6 7 8 9 |  9.2
Hexes          | 2 4 6 8 9 |  9.2
Poison Magic   | 1 4 |  4.3
Translocations | 3 |  3.0
Fire Magic     | 3 5 |  5.1
Invocations    | 3 5 6 |  6.7
Air Magic      | 3 5 |  5.2
Ice Magic      | 3 |  3.3
Shields        | 1 |  1.6

Action                   |  1- 3 |  4- 6 |  7- 9 | 10-12 || total
-------------------------+-------+-------+-------+-------++-------
 Cast: Magic Dart        |    69 |    16 |    14 |     1 ||   100
       Foxfire           |    11 |    56 |   266 |   265 ||   598
       Searing Ray       |     2 |     6 |     2 |     2 ||    12
       Fulminant Prism   |       |       |    12 |    30 ||    42
       Mephitic Cloud    |       |       |     4 |     5 ||     9
       Stone Arrow       |       |       |       |    17 ||    17
       Flame Wave        |       |       |       |     4 ||     4
       Sticky Flame      |       |       |       |     2 ||     2
  Use: Scroll            |       |       |     5 |     7 ||    12
       Potion            |       |       |     1 |     1 ||     2
Armor: Robe              |     3 |     2 |     5 |       ||    10
       Steam dragon scal |       |       |     1 |     9 ||    10
Dodge: Dodged            |     4 |    11 |    34 |    65 ||   114

Levels and vault maps discovered:
D:1:      heliophobic_arrival_enchanted_forest, layout_loops_ring,
          minmay_misc_feat_enclosed, minmay_tromino_v4_a
D:2:      kennysheep_big_flooded_room, layout_rooms, kennysheep_generic_room_13
D:3:      layout_loops_corners, zin_statuary, mainiacjoe_overflow_boulevard,
          mainiacjoe_overflow_six_doors_small, guppyfry_early_lair_pool,
          uniq_jessica
D:4:      layout_rooms, uniq_duvessa
D:5:      layout_cave_pools, tso_altar, nicolae_overflow_two_pavilions,
          mainiacjoe_overflow_alcove_4, serial_shops, shop,
          minmay_splitting_lines
D:6:      layout_layer_cave, serial_shops, nicolae_shop_hallway_stairs,
          nicolae_wooded_promenade, moated_statue, corexii_shack,
          minmay_pentangle, uniq_menkaure, uniq_prince_ribbit1
D:7:      layout_rooms, nemelex_dance_club_becter, mainiacjoe_overflow_alcove_2,
          minmay_temple_entry_nine_rooms
D:8:      layout_gridville, mainiacjoe_overflow_catwalk,
          nicolae_kikubaaqudgha_miasma_corner, uniq_grum
D:9:      layout_long_grid, yredelemnul_altar_generic, dpeg_oklobed_lair,
          minmay_fire_ice_demons, uniq_amaemon, uniq_joseph, uniq_harold,
          uniq_pikel
D:10:     layout_basic, hangedman_ru_absence, nicolae_gozag_seed_capital,
          uniq_psyche, uniq_fannar, uniq_snorg, uniq_nergalle
D:11:     layout_irregular_city
Lair:1:   layout_gridlike, serial_bayou_shore_b, grunt_megastairs_5

Notes
Turn   | Place    | Note
-------+----------+-------------------------------------------
     0 | D:1      | kingofthe the Deep Elf Conjurer began the quest for the
                  | Orb.
     0 | D:1      | Reached XP level 1. HP: 10/10 MP: 6/6
   247 | D:1      | Reached XP level 2. HP: 15/15 MP: 1/8
   250 | D:1      | Learned a level 2 spell: Searing Ray
   535 | D:1      | Reached skill level 3 in Dodging
   639 | D:1      | Reached XP level 3. HP: 19/19 MP: 6/10
  1200 | D:2      | Reached skill level 3 in Stealth
  1486 | D:2      | Identified the +1 ring mail "Vuekuas" {Will+ Str+3}
  1618 | D:2      | Learned a level 1 spell: Foxfire
  1711 | D:2      | Reached skill level 4 in Spellcasting
  1864 | D:3      | Noticed Jessica
  1916 | D:3      | Reached XP level 4. HP: 24/24 MP: 6/12
  1977 | D:3      | Killed Jessica
  1978 | D:3      | Reached skill level 5 in Conjurations
  2243 | D:3      | Found a shimmering blue altar of Sif Muna.
  2248 | D:3      | Became a worshipper of Sif Muna the Loreminder
  2598 | D:3      | Identified the +3 scale mail of the Viny Hot Ocelot {rElec
                  | rPois Stlth+}
  2609 | D:3      | Found a bloodstained altar of Trog.
  2924 | D:3      | Found a glowing silver altar of Zin.
  2980 | D:4      | Noticed a scorpion
  2988 | D:4      | Killed a scorpion
  2989 | D:4      | Reached skill level 5 in Spellcasting
  2989 | D:4      | Reached XP level 5. HP: 26/28 MP: 6/14
  2994 | D:4      | Learned a level 4 spell: Fulminant Prism
  3055 | D:4      | Noticed an ogre
  3072 | D:4      | Killed an ogre
  3073 | D:4      | Reached skill level 4 in Stealth
  3073 | D:4      | Reached skill level 2 in Hexes
  3183 | D:4      | Reached XP level 6. HP: 32/32 MP: 11/16
  3331 | D:4      | Reached skill level 3 in Hexes
  3522 | D:4      | Reached skill level 6 in Conjurations
  3522 | D:4      | Reached skill level 4 in Hexes
  3568 | D:5      | Entered Level 5 of the Dungeon
  3622 | D:5      | Found Uheizinn's Antique Weapon Emporium.
  3630 | D:5      | Reached skill level 6 in Spellcasting
  3630 | D:5      | Reached XP level 7. HP: 36/36 MP: 10/18
  3721 | D:5      | Found a shadowy altar of Dithmenos.
  3802 | D:5      | Reached skill level 5 in Hexes
  3929 | D:5      | Reached * piety under Sif Muna
  4017 | D:5      | Reached skill level 6 in Hexes
  4453 | D:5      | Found a hide-covered altar of Uskayaw.
  4453 | D:5      | Found a hazy altar of Hepliaklqana.
  4462 | D:5      | Learned a level 3 spell: Mephitic Cloud
  4521 | D:5      | Found a glowing golden altar of the Shining One.
  4634 | D:4      | Reached skill level 1 in Poison Magic
  4637 | D:4      | Noticed Dowan
  4638 | D:4      | Identified the +2 buckler of the Wasteland {+Inv Dex+2
                  | Stlth-}
  4676 | D:4      | Reached skill level 7 in Spellcasting
  4676 | D:4      | Reached XP level 8. HP: 18/41 MP: 11/20
  4873 | D:4      | Noticed Duvessa
  4881 | D:4      | Killed Duvessa
  4885 | D:4      | Killed Dowan
  4886 | D:4      | Reached skill level 7 in Hexes
  4886 | D:4      | Reached skill level 2 in Poison Magic
  5376 | D:6      | Noticed Menkaure
  5381 | D:6      | Killed Menkaure
  5382 | D:6      | Reached skill level 7 in Conjurations
  5500 | D:6      | Reached skill level 3 in Poison Magic
  5546 | D:6      | Found Rah Hec's Book Emporium.
  5879 | D:6      | Noticed Prince Ribbit
  5885 | D:6      | Killed Prince Ribbit
  6080 | D:6      | Reached skill level 8 in Hexes
  6131 | D:6      | Found Deiwk's Assorted Antiques.
  6138 | D:6      | Found Hoerapih's General Store.
  6205 | D:6      | Reached skill level 4 in Poison Magic
  6485 | D:6      | Bought an Inescapable Atlas for 374 gold pieces
  6488 | D:6      | Learned a level 2 spell: Blink
  7019 | D:7      | Reached XP level 9. HP: 45/45 MP: 22/22
  7022 | D:7      | Reached skill level 1 in Translocations
  7022 | D:7      | Reached skill level 1 in Fire Magic
  7074 | D:7      | Reached skill level 8 in Spellcasting
  7371 | D:6      | Reached skill level 4 in Dodging
  7710 | D:7      | Reached skill level 2 in Fire Magic
  7725 | D:7      | Reached skill level 2 in Translocations
  7848 | D:7      | Found a staircase to the Ecumenical Temple.
  7889 | D:7      | Reached ** piety under Sif Muna
  7900 | D:7      | Reached skill level 1 in Invocations
  8172 | D:7      | Found an ornate altar of the Wu Jian Council.
  8311 | D:7      | Found a sparkling altar of Nemelex Xobeh.
  8404 | D:8      | Learned a level 2 spell: Sublimation of Blood
  8416 | D:8      | Noticed Grum
  8428 | D:8      | Killed Grum
  8429 | D:8      | Reached skill level 5 in Dodging
  8429 | D:8      | Reached skill level 9 in Hexes
  8429 | D:8      | Reached skill level 3 in Translocations
  8429 | D:8      | Reached skill level 3 in Fire Magic
  8429 | D:8      | Reached skill level 2 in Invocations
  8595 | D:8      | Found an ancient bone altar of Kikubaaqudgha.
  8703 | D:8      | Found a blossoming altar of Fedhas.
  8721 | D:8      | Reached skill level 5 in Stealth
  8908 | D:8      | Reached skill level 8 in Conjurations
  9109 | D:8      | Reached skill level 3 in Invocations
  9109 | D:8      | Reached XP level 10. HP: 36/50 MP: 24/24
  9259 | D:8      | Learned a level 4 spell: Flame Wave
  9510 | D:9      | Noticed an orange demon
  9587 | D:8      | Learned a level 5 spell: Freezing Cloud
  9701 | D:6      | Bought a potion of heal wounds for 50 gold pieces
  9701 | D:6      | Bought a scroll of magic mapping for 75 gold pieces
  9701 | D:6      | Bought a scroll of identify for 20 gold pieces
  9701 | D:6      | Bought a scroll of identify for 20 gold pieces
  9934 | D:9      | Noticed Joseph
  9944 | D:9      | Killed Joseph
  9945 | D:9      | Reached skill level 6 in Dodging
  9945 | D:9      | Reached skill level 4 in Fire Magic
  9945 | D:9      | Reached skill level 1 in Air Magic
  9947 | D:9      | Found a staircase to the Lair.
 10082 | D:9      | Noticed Pikel
 10355 | D:9      | Killed Pikel
 10356 | D:9      | Reached skill level 2 in Air Magic
 10356 | D:9      | Reached skill level 4 in Invocations
 10533 | D:9      | Noticed Amaemon
 10559 | D:9      | Killed Amaemon
 10560 | D:9      | Reached skill level 9 in Spellcasting
 10756 | D:9      | Killed an orange demon
 10757 | D:9      | Reached skill level 6 in Stealth
 10758 | D:9      | HP: 1/50 [poisoned by an orange demon]
 11030 | D:9      | Noticed Harold
 11059 | D:9      | Found a basalt altar of Yredelemnul.
 11130 | D:9      | Learned a level 3 spell: Stone Arrow
 11527 | D:10     | Entered Level 10 of the Dungeon
 11550 | D:10     | Noticed Fannar
 11630 | D:10     | Reached skill level 7 in Dodging
 11638 | D:10     | Reached skill level 3 in Air Magic
 11902 | D:10     | Identified the ring of Propriety {rF+ rCorr EV+4 Str+2}
 12020 | D:10     | Found a sacrificial altar of Ru.
 12046 | D:10     | Noticed Psyche
 12049 | D:10     | Killed Psyche
 12210 | D:10     | Reached *** piety under Sif Muna
 12211 | D:10     | Reached skill level 5 in Invocations
 12387 | D:10     | Noticed Snorg
 12398 | D:10     | Killed Snorg
 12399 | D:10     | Reached skill level 5 in Fire Magic
 12399 | D:10     | Reached XP level 11. HP: 54/54 MP: 17/26
 12489 | D:10     | Found an opulent altar of Gozag.
 12635 | D:10     | Reached skill level 4 in Air Magic
 12735 | D:10     | Noticed Nergalle
 13394 | D:11     | Noticed a boulder beetle
 13398 | D:11     | Reached skill level 1 in Ice Magic
 13733 | Lair:1   | Entered Level 1 of the Lair of Beasts
 13821 | Lair:1   | Reached skill level 8 in Dodging
 14161 | Lair:1   | Reached skill level 6 in Invocations
 14185 | Lair:1   | Reached skill level 2 in Ice Magic
 14254 | Lair:1   | Reached skill level 1 in Shields
 14321 | Lair:1   | Reached skill level 9 in Conjurations
 14428 | Lair:1   | Reached skill level 7 in Stealth
 14829 | Lair:1   | Noticed a death yak
 14887 | Lair:1   | Noticed a death yak
 14888 | Lair:1   | Noticed a death yak
 14888 | Lair:1   | Noticed a death yak
 15020 | D:9      | Killed Harold
 15021 | D:9      | Reached skill level 3 in Ice Magic
 15021 | D:9      | Reached skill level 5 in Air Magic
 15174 | D:9      | Learned a level 4 spell: Sticky Flame
 15183 | D:10     | Killed Fannar
 15417 | D:11     | Noticed a centaur warrior
 15425 | D:11     | Slain by a centaur warrior

Vanquished Creatures
  Snorg (D:10)
  Fannar (D:10)
  Harold (D:9)
  Amaemon (D:9)
  Pikel (D:9)
  Joseph (D:9)
  An orange demon (D:9)
  A cane toad (Lair:1)
  Psyche (D:10)
  2 komodo dragons
  2 hornets
  Prince Ribbit (D:6)
  5 blink frogs (Lair:1)
  A shadow (D:11)
  4 yaks (D:10)
  A wraith (D:10)
  2 wyverns (Lair:1)
  Grum (D:8)
  2 steam dragons (D:7)
  4 vampire mosquitoes (D:11)
  Menkaure (D:6)
  Duvessa (D:4)
  2 acid dragons
  8 water moccasins
  4 orc warriors
  2 sky beasts (D:7)
  An ice beast (D:6)
  A black bear (D:7)
  A centaur (D:10)
  8 wolves
  4 ogres
  A lemure (D:9)
  2 phantoms (D:4)
  A necrophage (D:5)
  5 bullfrogs
  2 gnoll sergeants
  7 scorpions
  Dowan (D:4)
  3 killer bees
  4 howler monkeys
  An electric eel (Lair:1)
  A crimson imp (D:9)
  2 hounds (D:5)
  A jelly (D:6)
  A gnoll bouda (D:8)
  3 orc priests
  Jessica (D:3)
  4 orc wizards
  3 iguanas
  4 adders
  13 gnolls
  A shadow imp (D:8)
  3 white imps
  An ufetubus (D:7)
  2 worms (D:2)
  4 dart slugs
  29 orcs
  9 endoplasms
  A giant cockroach (D:1)
  9 goblins
  5 hobgoblins
  4 jackals (D:3)
  4 quokkas
  10 ball pythons
  3 bats
  4 frilled lizards (D:1)
  10 kobolds
  2 rats
  4 foxfires
  A fulminant prism (D:9)
233 creatures vanquished.

Vanquished Creatures (collateral kills)
  15 foxfires
15 creatures vanquished.

Vanquished Creatures (others)
  A gnoll (D:7)
  1004 foxfires
  41 fulminant prisms
  7 fungi
  14 plants
1067 creatures vanquished.

Grand Total: 1315 creatures vanquished

Table legend: (Time is in decaauts)
 A = Elapsed time spent in this place.
 B = Non-inter-level travel time spent in this place.
 C = Inter-level travel time spent in this place.
 D = Time resting spent in this place.
 E = Time spent auto-exploring this place.
 F = Levels seen in this place.
 G = Mean time per level.
                   A        B        C        D        E       F      G
               +--------+--------+--------+--------+--------+-----+--------+
         Total |  15427 |  14136 |   1291 |   2058 |  10011 |  12 | 1285.6 |
       Dungeon |  14235 |  12944 |   1291 |   1709 |   9397 |  11 | 1294.1 |
          Lair |   1192 |   1192 |      0 |    349 |    614 |   1 | 1192.0 |
               +--------+--------+--------+--------+--------+-----+--------+

Top non-repeatable levels by time:
     D:6: 2157 daAuts
    D:10: 2020 daAuts
     D:9: 1961 daAuts
     D:8: 1472 daAuts
     D:4: 1206 daAuts
  Lair:1: 1192 daAuts
     D:1: 1160 daAuts
     D:3: 1132 daAuts
     D:5: 1089 daAuts
     D:7: 1056 daAuts
     D:2: 687 daAuts
    D:11: 290 daAuts

Table legend:
 A = Non-vault XP
 B = Vault XP
 C = Vault XP percentage of total XP
 D = Non-vault monster count
 E = Vault monster count
 F = Vault count percentage of total count
                 A         B        C        D         E       F
            +---------+---------+-------+---------+---------+-------
      Total |   11353 |    7876 |  41.0 |     187 |      40 |  17.6
            +---------+---------+-------+---------+---------+-------
        D:1 |      46 |       6 |  11.5 |      27 |       4 |  12.9
        D:2 |      34 |       7 |  17.1 |      10 |       3 |  23.1
        D:3 |      36 |      37 |  50.7 |      15 |       1 |   6.2
        D:4 |     691 |     213 |  23.6 |      19 |       2 |   9.5
        D:5 |     603 |       0 |   0.0 |      18 |       0 |   0.0
        D:6 |     277 |     836 |  75.1 |       5 |       9 |  64.3
        D:7 |    1225 |     123 |   9.1 |      20 |       2 |   9.1
        D:8 |    1042 |     438 |  29.6 |      16 |       3 |  15.8
        D:9 |     864 |    3292 |  79.2 |      20 |       7 |  25.9
       D:10 |    1797 |    2223 |  55.3 |      11 |       3 |  21.4
       D:11 |    1190 |       0 |   0.0 |       8 |       0 |   0.0
     Lair:1 |    3548 |     701 |  16.5 |      18 |       6 |  25.0
            +---------+---------+-------+---------+---------+-------
